 Dungeon Crawl Stone Soup version 0.28-a0-1555-g9ae15a6949 (webtiles) character file.

Game seed: 3916903611454502244

74050 sbbq2022 the Covert (level 15, -6/77 HPs)
             Began as a Vine Stalker Wanderer on Jan 19, 2022.
             Was a High Priest of Uskayaw.
             Mangled by an orc warrior (10 damage)
             ... on level 2 of the Orcish Mines.
             The game lasted 00:41:27 (21892 turns).

sbbq2022 the Covert (Vine Stalker Wanderer)        Turns: 21892, Time: 00:41:27

Health: -6/77      AC: 24    Str: 16    XL:     15   Next: 45%
Magic:  0/26       EV: 14    Int: 24    God:    Uskayaw [*****.]
Gold:   2413       SH:  5    Dex: 20    Spells: 20/28 levels left

rFire   . . .      SeeInvis .   T - +11 rapier of Suicidal Tendencies {vorpal, *Rage +Blink Int+4 Dex+2}
rCold   . . .      Faith    .   (no shield)
rNeg    + . .      Spirit   +   R - +3 scale mail of Arutos {Drain rPois Regen+ Dex+3}
rPois   +          Reflect  +   I - +2 hat
rElec   .          Harm     .   (no cloak)
rCorr   .          Rampage  .   l - +2 pair of gloves
Will    +....      Rage     20% (no boots)
Stlth   ++++......              V - amulet "Loisy" {Reflect rPois rN+ Int+3 SH+5}
HPRegen 1.82/turn               U - +4 ring of protection
MPRegen 0.20/turn               M - +4 ring of protection

@: about to teleport, wereblooded, spiked, on berserk cooldown, slowed, very
slow
A: fangs 3, regeneration 1, magic shield, antimagic bite, no potion heal 2
a: Renounce Religion, Evoke Blink, Stomp, Line Pass, Grand Finale


You were on level 2 of the Orcish Mines.
You worshipped Uskayaw.
Uskayaw was noncommittal.
You visited 4 branches of the dungeon, and saw 22 of its levels.
You also visited: Ice Cave.

You collected 2871 gold pieces.
You spent 458 gold pieces at shops.

Inventory:

Hand Weapons
 a - a +2 shortbow
 b - a +1 dagger of draining
 P - a +2 short sword of venom
 T - the +11 rapier of Suicidal Tendencies (weapon) {vorpal, *Rage +Blink Int+4 Dex+2}
   (You found it on level 1 of the Lair of Beasts)

   It inflicts extra damage upon your enemies.
   Int:       It affects your intelligence (+4).
   Dex:       It affects your dexterity (+2).
   +Blink:    It lets you blink.
   *Rage:     It berserks you when you make melee attacks (+20% chance).
Missiles
 d - 320 arrows
 h - 4 poisoned darts (quivered)
 X - 5 curare-tipped darts
Armour
 l - a +2 pair of gloves (worn)
 o - the +4 Cigotuvi's embrace {rMiasma Drain rN+}
   (You found it on level 3 of the Lair of Beasts)

   It gathers nearby corpses to temporarily increase the armour it provides.
   It protects you from foul pestilence.
   rN:        It protects you from negative energy.
   Drain:     It drains your maximum health when unequipped.
 I - a +2 hat (worn)
 R - the +3 scale mail of Arutos (worn) {Drain rPois Regen+ Dex+3}
   (You bought it in a shop on level 12 of the Dungeon)

   Dex:       It affects your dexterity (+3).
   rPois:     It protects you from poison.
   Regen:     It increases your rate of health regeneration.
   Drain:     It drains your maximum health when unequipped.
Jewellery
 p - a ring of resist corrosion
 L - the ring "Lypreg" {rF+ Str+3}
   (You found it in an ice cave)

   [ring of protection from fire]

   Str:       It affects your strength (+3).
   rF:        It protects you from fire.
 M - a +4 ring of protection (right hand)
 U - a +4 ring of protection (left hand)
 V - the amulet "Loisy" (around neck) {Reflect rPois rN+ Int+3 SH+5}
   (You found it on level 2 of the Lair of Beasts)

   [amulet of reflection]

   It reflects blocked missile attacks.
   Int:       It affects your intelligence (+3).
   rPois:     It protects you from poison.
   rN:        It protects you from negative energy.
   SH:        It affects your SH (+5).
Wands
 e - a wand of mindburst (11)
 B - a wand of polymorph (7)
 F - a wand of digging (5)
 J - a wand of iceblast (8)
 K - a wand of acid (11)
 O - a wand of flame (30)
Scrolls
 i - 3 scrolls of teleportation
 j - 2 scrolls of blinking {unknown}
 m - 3 scrolls of holy word
 n - 5 scrolls of fear
 q - a scroll of summoning {unknown}
 r - 2 scrolls of enchant armour
 u - a scroll of vulnerability {unknown}
 y - 6 scrolls of noise {unknown}
 C - a scroll of immolation {unknown}
 D - 3 scrolls of amnesia {unknown}
 E - a scroll of brand weapon {unknown}
 G - 6 scrolls of fog
 H - a scroll of silence {unknown}
 S - a scroll of magic mapping {unknown}
 W - a scroll of identify
Potions
 c - 2 potions of magic
 f - 3 potions of mutation
 g - 4 potions of flight
 k - 9 potions of curing
 s - 2 potions of berserk rage
 t - 3 potions of attraction
 v - 8 potions of heal wounds
 w - 3 potions of brilliance
 x - 2 potions of degeneration
 z - a potion of cancellation
 A - 2 potions of haste {unknown}
 N - 2 potions of lignification
 Q - 2 potions of invisibility


   Skills:
 + Level 8.3 Fighting
 * Level 11.8 Short Blades
 - Level 2.6 Bows
 - Level 1.0 Throwing
 + Level 7.6 Armour
 + Level 7.6 Dodging
 + Level 11.8 Stealth
 + Level 7.2 Spellcasting
 - Level 7.0 Conjurations
 + Level 2.0 Transmutations
 - Level 3.0 Fire Magic
 * Level 2.9 Ice Magic
 - Level 6.8 Air Magic
 - Level 6.9 Poison Magic
 + Level 7.2 Invocations


You had 20 spell levels left.
You knew the following spells:

 Your Spells              Type           Power      Damage    Failure   Level
a - Foxfire               Conj/Fire      100%       2x1d9     2%          1
b - Mephitic Cloud        Conj/Pois/Air  42%        N/A       3%          3
c - Wereblood             Tmut           18%        N/A       14%         2
d - Ensorcelled Hibernat  Hex/Ice        30%        N/A       19%         2

Your spell library contained the following spells:

 Spells                   Type           Power      Damage    Failure   Level
 Magic Dart               Conj           100%       1d8       1%          1
 Static Discharge         Conj/Air       42%        N/A       1%          2
 Swiftness                Air            41%        N/A       3%          3
 Conjure Flame            Conj/Fire      32%        6-21      9%          3
 Scorch                   Fire           46%        2d7       10%         2
 Stone Arrow              Conj/Erth      50%        3d10      16%         3
 Sandblast                Erth           16%        2d6       22%         1
 Slow                     Hex            32%        N/A       22%         1
 Passwall                 Tmut/Erth      10%        N/A       22%         2
 Flame Wave               Conj/Fire      32%        2d7       28%         4
 Call Imp                 Summ           8%         N/A       32%         2
 Sublimation of Blood     Necr           8%         N/A       32%         2
 Inner Flame              Hex/Fire       15%        N/A       34%         3
 Lightning Bolt           Conj/Air       21%        1d36      34%         5
 Freezing Cloud           Conj/Ice/Air   17%        6-21      52%         5
 Confusing Touch          Hex            8%         N/A       54%         3
 Tukima's Dance           Hex            8%         N/A       54%         3
 Vampiric Draining        Necr           8%         2d6       54%         3
 Animate Dead             Necr           4%         N/A       91%         4
 Passage of Golubria      Tloc           8%         N/A       91%         4
 Borgnjor's Vile Clutch   Necr/Erth      4%         N/A       99%         5
 Yara's Violent Unravell  Hex/Tmut       6%         3d5       99%         5
 Death Channel            Necr           4%         N/A       100%        6
 Summon Cactus Giant      Summ           4%         N/A       100%        6
 Summon Hydra             Summ           4%         N/A       100%        7
 Ignition                 Fire           11%        3d5       100%        8
 Maxwell's Capacitive Co  Air            20%        ∞         100%        8
 Polar Vortex             Ice            11%        N/A       100%        9


Dungeon Overview and Level Annotations

Branches:
Dungeon (13/15)            Temple (1/1) D:7            Lair (6/6) D:11
 Shoals (0/4) Lair:3        Snake (0/4) Lair:2        Slime (0/5) Lair:6
    Orc (2/2) D:11            Elf (0/3) Orc:2         IceCv (visited)
 Vaults: D:13-14

Altars:
Ashenzari
Cheibriados
Dithmenos
Fedhas
Gozag
Hepliaklqana
Kikubaaqudgha
Makhleb
Okawaru
Qazlal
Ru
Sif Muna
Trog
Uskayaw
Vehumet
Wu Jian
Xom
Yredelemnul
Beogh
Jiyva

Shops:
D:7 (?[(   D:9 (   D:12 =[   Orc:1 =   Orc:2 **

Annotations:
D:9 exclusion: orange crystal statue
D:12 exclusion: statue
Orc:2 Nergalle


Innate Abilities, Weirdness & Mutations

You have razor-sharp teeth.
Your natural rate of healing is unusually fast.
When hurt, damage is shared between your health and your magic reserves.
Your bite disrupts and absorbs the magic of your enemies.
Potions cannot restore your health.


Message History

The orc wizard mumbles some strange words.
The orc wizard flickers and vanishes!
Deactivating autopickup; reactivate with Ctrl-A.
The orc warrior is no longer sharing its pain.
The orc priest calls down the wrath of Beogh upon you.
Beogh smites you!
Nergalle casts a spell at the orc.
The orc seems to speed up.
The orc warrior completely misses you.
The red devil hits you from afar with a +0 trident.
Barbed spikes become lodged in your body.
The orc warlord hits you with a +2 long sword of protection!!
You hear a shout!
Things that are here:
a +0 dire flail; a +0 chain mail; an orc corpse The barbs in your skin will harm you if you move.
Continue?
Okay, then.
Unknown command.
Unknown command.
As you read the scroll of teleportation, it crumbles to dust.
You feel strangely unstable.
You howl as the wereblood boils in your veins!
The orc knight is no longer sharing its pain.
The orc wizard is no longer sharing its pain.
The orc knight barely misses you. The orc warrior closely misses you.
The orc warrior hits you with a +3 hand axe of flaming!
The orc warrior burns you.
The orc warrior hits you but does no damage.
The orc warlord barely misses you. The smoke demon gestures at you.
Beogh smites you!
The red devil hits you from afar with a +0 trident.
Barbed spikes become lodged in your body.
The orc high priest invokes the aid of Beogh against you.
You easily resist.
The orc knight hits you with a +0 battleaxe!!
* * * LOW HITPOINT WARNING * * *
The orc warrior hits you from afar with a +0 halberd!
* * * LOW HITPOINT WARNING * * *
The orc warrior hits you with a +3 hand axe of flaming!
You die...

....####......#
....#.#......# ...
.............# #o...
............### .#oo..
.....#.#.####.# ..oo..
........##....#####o.....
...###.#..)...)8).)oo....
.### #........)†oo44o....
. #..........)@o3oo.._. #
##..........oooo.....
#.....#...8..o......
##.#.#########......
##### .o.... .#.... #....
...


You could see an orc warlord (strong), 2 orc knights, Nergalle (strong), an orc
high priest (strong), a smoke demon (summoned), 2 red devils, 5 orc warriors, 2
orc priests, 4 orc wizards and 4 orcs.

Vanquished Creatures
  2 azure jellies (IceCv)
  An orc warlord (D:11)
  A quicksilver ooze (IceCv)
  2 ettins (Orc:1)
  A fire dragon (Lair:6)
  Josephine (D:11)
  A boulder beetle (Lair:6)
  2 catoblepae
  6 hydras
  A two-headed ogre (D:5)
  12 death yaks
  Pikel (D:3)
  4 lindwurms (Lair:6)
  An orc knight (Orc:2)
  A cyclops (D:12)
  4 manticores
  6 black mambas
  13 elephants
  6 torpor snails (Lair:6)
  3 ice statues (IceCv)
  A gargoyle (D:12)
  3 unseen horrors
  7 rime drakes
  12 cane toads
  6 komodo dragons
  A kobold demonologist (D:12)
  A freezing wraith (D:13)
  An entropy weaver simulacrum (IceCv)
  10 trolls
  A troll (shapeshifter) (D:13)
  Grinder (D:5)
  3 polar bears
  3 tyrant leeches (Lair:6)
  12 blink frogs
  11 slime creatures (IceCv)
  7 hornets (Lair:6)
  Sigmund (D:3)
  4 shadows
  3 wraiths (D:11)
  42 yaks
  4 basilisks
  5 wyverns
  3 steam dragons
  2 vampire mosquitoes (D:12)
  4 wargs
  An acid dragon (D:12)
  Duvessa (D:4)
  4 demonic crawler simulacra (IceCv)
  20 water moccasins
  21 orc warriors
  2 black bears
  2 ice beasts (D:6)
  5 ogres
  2 necrophages
  2 ugly thing simulacra (IceCv)
  26 wolves
  14 centaurs
  2 phantoms (D:11)
  A kobold brigand (D:10)
  12 bullfrogs
  2 scorpions
  A wyvern zombie (D:7)
  4 glowing shapeshifter simulacra (IceCv)
  Dowan (D:4)
  5 killer bees (D:9)
  3 troll zombies (D:11)
  6 wights
  3 howler monkeys (D:11)
  A bullfrog zombie (D:6)
  8 centaur zombies
  A human zombie (D:7)
  4 bullfrog skeletons
  2 hounds
  11 orc priests
  A jelly (D:5)
  2 centaur skeletons
  A gnoll shaman (D:6)
  5 iguanas
  Natasha (thrice) (D:2)
  10 orc wizards
  6 hell rats (Lair:6)
  4 killer bee zombies (D:7)
  3 ogre zombies (D:11)
  2 hound skeletons (D:4)
  3 mummies (D:7)
  9 gnolls (D:6)
  4 adders
  2 shadow imps
  A white imp (D:8)
  2 ufetubi
  An adder zombie (D:5)
  A worm (D:2)
  4 dart slugs
  70 orcs
  2 bats (D:2)
  9 endoplasms
  5 giant cockroaches
  6 goblins
  12 hobgoblins
  3 jackals
  13 kobolds
  4 quokkas
  8 ball pythons
  4 frilled lizards
  2 goblin skeletons (D:11)
  5 goblin zombies (D:11)
  A hobgoblin zombie (D:11)
  An orc skeleton (D:11)
  10 orc zombies (D:11)
  6 rats
609 creatures vanquished.

Vanquished Creatures (others)
  A slime creature (IceCv)
  A human (D:13)
  2 foxfires (D:12)
  14 fungi
  19 plants
37 creatures vanquished.

Grand Total: 646 creatures vanquished

Notes
Turn   | Place    | Note
-------+----------+-------------------------------------------
     0 | D:1      | sbbq2022 the Vine Stalker Wanderer began the quest for the
                  | Orb.
     0 | D:1      | sbbq2022 set off with the following items: a +2 shortbow,
                  | 21 arrows, 11 poisoned darts, a +0 dagger, a +0 leather
                  | armour; and the following spell memorised: Foxfire; and the
                  | following spells available to memorise: Inner Flame
     0 | D:1      | Reached XP level 1. HP: 10/10 MP: 3/3
   132 | D:1      | Reached XP level 2. HP: 14/14 MP: 4/4
   145 | D:1      | Reached skill level 1 in Short Blades
   177 | D:1      | Reached skill level 1 in Stealth
   595 | D:1      | Reached XP level 3. HP: 18/18 MP: 5/5
   745 | D:1      | Found a faded altar of an unknown god.
  1404 | D:2      | Noticed Natasha
  1410 | D:2      | Killed Natasha
  1411 | D:2      | Reached skill level 1 in Armour
  1411 | D:2      | Gained mutation: Your natural rate of healing is unusually
                  | fast. [Vine Stalker growth]
  1411 | D:2      | Reached XP level 4. HP: 16/22 MP: 4/6
  1572 | D:2      | Noticed Natasha
  1613 | D:2      | Killed Natasha
  2020 | D:2      | Reached XP level 5. HP: 26/26 MP: 7/7
  2207 | D:2      | Noticed Natasha
  2224 | D:2      | Killed Natasha
  2294 | D:3      | Noticed Sigmund
  2924 | D:3      | Killed Sigmund
  2925 | D:3      | Reached XP level 6. HP: 31/31 MP: 5/8
  3191 | D:4      | Noticed Dowan
  3192 | D:4      | Noticed Duvessa
  3270 | D:4      | Noticed Pikel
  3356 | D:3      | Killed Pikel
  3357 | D:3      | Reached XP level 7. HP: 15/36 MP: 3/9
  3471 | D:4      | Gained mutation: You have razor-sharp teeth. [Vine Stalker
                  | growth]
  3471 | D:4      | Reached XP level 8. HP: 40/40 MP: 10/10
  3669 | D:4      | Got the Guide on Ensnaring Earth
  3711 | D:4      | Killed Duvessa
  3810 | D:4      | Reached skill level 5 in Stealth
  4077 | D:4      | Killed Dowan
  4078 | D:4      | Reached skill level 5 in Short Blades
  4325 | D:5      | Entered Level 5 of the Dungeon
  4575 | D:5      | Found an ornate altar of the Wu Jian Council.
  4736 | D:5      | Noticed Grinder
  4782 | D:5      | Paralysed by Grinder for 2 turns
  4788 | D:5      | Paralysed by Grinder for 5 turns
  4806 | D:5      | Killed Grinder
  4936 | D:5      | Reached XP level 9. HP: 43/45 MP: 9/11
  5145 | D:5      | Noticed a two-headed ogre
  5206 | D:5      | Killed a two-headed ogre
  5242 | D:5      | Found a bloodstained altar of Trog.
  5246 | D:5      | Found a snail-covered altar of Cheibriados.
  5254 | D:5      | You fall into a shaft and drop 2 floors!
  5299 | D:7      | Found Yshoniaq's Magic Scroll Boutique.
  5630 | D:6      | Found a sacrificial altar of Ru.
  6569 | D:6      | Learned a level 3 spell: Mephitic Cloud
  6943 | D:7      | Found Jyxokasm's Magic Scroll Boutique.
  6968 | D:7      | Bought a scroll of fog for 24 gold pieces
  6968 | D:7      | Bought a scroll of enchant armour for 90 gold pieces
  6992 | D:7      | Found Gef Tima's Weapon Shoppe.
  7012 | D:7      | Found a staircase to the Ecumenical Temple.
  7028 | D:7      | Reached skill level 1 in Conjurations
  7028 | D:7      | Reached XP level 10. HP: 46/51 MP: 11/13
  7047 | D:7      | Reached skill level 1 in Air Magic
  7077 | Temple   | Entered the Ecumenical Temple
  7109 | Temple   | Became a worshipper of Uskayaw the Reveller
  7164 | D:7      | Found Namat's Weapon Boutique.
  7170 | D:7      | Reached * piety under Uskayaw
  7173 | D:7      | Reached skill level 1 in Poison Magic
  7301 | D:7      | Reached ** piety under Uskayaw
  7308 | D:7      | Reached skill level 5 in Fighting
  7309 | D:7      | Reached *** piety under Uskayaw
  7394 | D:7      | Found a basalt altar of Yredelemnul.
  7411 | D:7      | Reached **** piety under Uskayaw
  7419 | D:7      | Reached ***** piety under Uskayaw
  7736 | D:7      | Found Wyboeff's Antique Armour Shoppe.
  7742 | D:7      | Bought a glowing hat for 182 gold pieces
  7874 | D:7      | Reached skill level 1 in Invocations
  9163 | D:9      | Noticed an orange crystal statue
  9286 | D:9      | Found a radiant altar of Vehumet.
  9350 | D:9      | Found a burning altar of Makhleb.
  9580 | D:9      | Found Qihet's Weapon Shoppe.
  9820 | D:10     | Entered Level 10 of the Dungeon
 10102 | D:10     | Reached skill level 5 in Dodging
 10201 | D:10     | Reached skill level 5 in Armour
 10311 | D:10     | Reached XP level 11. HP: 47/56 MP: 16/16
 10936 | D:11     | Found a staircase to the Orcish Mines.
 11801 | D:11     | Noticed a death yak
 11801 | D:11     | Noticed a death yak
 11801 | D:11     | Noticed a death yak
 11836 | D:11     | Killed a death yak
 11843 | D:11     | Killed a death yak
 11913 | D:11     | Killed a death yak
 12093 | D:11     | Found a staircase to the Lair.
 12129 | D:11     | Found a burning altar of Makhleb.
 12409 | D:12     | Noticed Josephine
 12522 | D:11     | Killed Josephine
 12523 | D:11     | Reached XP level 12. HP: 61/61 MP: 19/19
 12675 | D:12     | Found Ceabael's Jewellery Shoppe.
 12702 | D:12     | Found Ode But's Antique Armour Boutique.
 12753 | D:12     | Bought a pitted scale mail for 162 gold pieces
 12753 | D:12     | Identified the +3 scale mail of Arutos {Drain rPois Regen+
                  | Dex+3} (You bought it in a shop on level 12 of the Dungeon)
 12869 | D:12     | Noticed an eight-headed hydra
 12974 | D:13     | Identified the +5 scythe "Lifebane" {flame, *Noise rElec
                  | Int+3}
 13129 | D:13     | Noticed a centaur warrior
 13140 | D:13     | Noticed an eight-headed hydra
 13147 | D:13     | Killed an eight-headed hydra
 13186 | D:13     | Noticed a vault guard
 13245 | D:13     | Noticed a death knight
 13312 | D:12     | Killed an eight-headed hydra
 13816 | D:12     | Noticed a six-headed hydra
 13847 | D:12     | Killed a six-headed hydra
 14080 | D:12     | Found a radiant altar of Vehumet.
 14212 | Lair:1   | Entered Level 1 of the Lair of Beasts
 14734 | Lair:1   | Identified the +11 rapier of Suicidal Tendencies {vorpal,
                  | *Rage +Blink Int+4 Dex+2}
 15171 | Lair:1   | Reached skill level 5 in Spellcasting
 15320 | Lair:2   | Found a staircase to the Snake Pit.
 15334 | Lair:2   | Identified the amulet "Loisy" {Reflect rPois rN+ Int+3
                  | SH+5}
 15468 | Lair:2   | Found a stormy altar of Qazlal.
 15484 | Lair:2   | Reached skill level 5 in Conjurations
 15546 | Lair:2   | Reached XP level 13. HP: 66/66 MP: 21/21
 15597 | Lair:2   | Reached skill level 5 in Air Magic
 15597 | Lair:2   | Reached skill level 5 in Poison Magic
 15597 | Lair:2   | Reached skill level 5 in Invocations
 16290 | Lair:3   | Reached skill level 10 in Stealth
 16377 | Lair:3   | Reached skill level 10 in Short Blades
 16416 | Lair:3   | Found the +4 Cigotuvi's embrace {rMiasma Drain rN+}
 16479 | Lair:3   | Found a staircase to the Shoals.
 17000 | Lair:4   | Found a frozen archway.
 17010 | IceCv    | Entered an ice cave
 17172 | IceCv    | Noticed a quicksilver ooze
 17179 | IceCv    | Killed a quicksilver ooze
 17258 | IceCv    | Reached XP level 14. HP: 72/72 MP: 24/24
 17290 | IceCv    | Found a viscous altar of Jiyva.
 17290 | IceCv    | Noticed an azure jelly
 17300 | IceCv    | Noticed an azure jelly
 17523 | IceCv    | Killed an azure jelly
 17604 | IceCv    | Killed an azure jelly
 17610 | IceCv    | Got the ring "Uckeegg" {Ice *Slow +Blink rElec Stlth+}
 17612 | IceCv    | Got the Volume of the Frostbite
 17613 | IceCv    | Identified the ring "Lypreg" {rF+ Str+3}
 17616 | IceCv    | Got Sif Muna's Tome of Scorching Black Rituals
 19010 | Lair:5   | Reached ****** piety under Uskayaw
 19208 | Lair:6   | Entered Level 6 of the Lair of Beasts
 19725 | Lair:6   | Found a runed translucent door.
 19770 | Lair:6   | Paralysed by a hornet for 1 turns
 20036 | Lair:6   | Reached XP level 15. HP: 77/77 MP: 26/26
 20082 | Lair:6   | Learned a level 2 spell: Wereblood
 20085 | Lair:6   | Learned a level 2 spell: Ensorcelled Hibernation
 20173 | Lair:6   | Reached skill level 1 in Ice Magic
 20306 | Lair:6   | Reached skill level 1 in Transmutations
 20513 | Lair:6   | Found a viscous altar of Jiyva.
 20513 | Lair:6   | Found a staircase to the Slime Pits.
 20868 | Lair:4   | Identified the +9 falchion of the Pits of Slime {vamp,
                  | Contam rPois rC+}
 21024 | Orc:1    | Entered Level 1 of the Orcish Mines
 21024 | Orc:1    | Found a burning altar of Makhleb.
 21267 | Orc:1    | Found Atouxih's Jewellery Boutique.
 21294 | Orc:1    | Noticed an orc warlord
 21334 | D:11     | Killed an orc warlord
 21597 | Orc:2    | Entered Level 2 of the Orcish Mines
 21597 | Orc:2    | Found a staircase to the Elven Halls.
 21798 | Orc:2    | Found Gekuschat's General Store.
 21803 | Orc:2    | Found Meseaz's Specific Store.
 21877 | Orc:2    | Noticed an orc warlord
 21886 | Orc:2    | Noticed Nergalle
 21892 | Orc:2    | Mangled by an orc warrior

Illustrated notes

Levels and vault maps discovered:
D:1:      matt_arrival_spirals, layout_loops_ring,
          shapermc_ecumenical_altar_mp_vishouse, chequers_serial_rivers_micro_d,
          moated_statue, minmay_pentomino_w4
D:2:      layout_basic, serial_rivers, chequers_serial_rivers_micro_b,
          chequers_serial_rivers_small_a, chequers_serial_rivers_small_3,
          chequers_serial_rivers_micro_d, chequers_serial_rivers_micro_e,
          uniq_natasha
D:3:      kennysheep_big_flooded_room, layout_basic, uniq_sigmund
D:4:      layout_loops_ring, uniq_pikel, uniq_duvessa
D:5:      layout_loops_corners, amcnicky_altar_gilded, nicolae_overflow_squiral,
          grunt_ministairs_11, uniq_grinder
D:6:      layout_basic, nicolae_ru_awakened_eye
D:7:      layout_loops_corners, lemuel_mausoleum_altar_yredelemnul,
          minmay_temple_entry_steel_oval, serial_shops, shop_statue, shop,
          nicolae_shop_advertising_works [nicolae_subvault_shop_adworks], shop,
          nicolae_shop_trees
D:8:      layout_loops_ring
D:9:      layout_loops_cross, lightli_temple_of_fire,
          mainiacjoe_overflow_24_doors, serial_shops,
          nicolae_shop_bloodbath_and_beyond, minivault_16, dk_vineyard_1,
          st_stairs_5
D:10:     layout_roguey, minmay_misc_feat_chi, grunt_decor_arrowhead
D:11:     layout_gridville, dpeg_lair_monsters, zombieorc1_lemuel,
          bloody_makhleb
D:12:     layout_small_grid, serial_shops, nicolae_shop_crystal,
          nicolae_shop_stone, vehumet_statue, uniq_josephine
D:13:     layout_gridville, ximxim_vaults_locker_room
Temple:   regret_index_temple_waves
Lair:1:   layout_cave_pods, infiniplex_staircase_pool_2
Lair:2:   layout_cave_pods, dummy_snake_entry, basic_altar, beast_lair_carwin_5,
          grunt_megastairs_3
Lair:3:   layout_cave_shapes, elwin_shoals_entry_rocks
Lair:4:   layout_layer_cave, portal_ice_cave_rime,
          chequers_serial_rivers_room_a, beast_lair_carwin_11,
          lemuel_fruit_fields, lemuel_fruit_fields, lemuel_fruit_fields
Lair:5:   layout_regular_city
Lair:6:   hangedman_lair_in_review, layout_small_grid, wormcave, slime_altar_1,
          grunt_forest_small_clearing_treed
Orc:1:    layout_diamond_mine, serial_shops, shop, basic_altar
Orc:2:    grunt_orc_cross, layout_diamond_mine, nicolae_specific_store,
          nicolae_orc_lava_room

Skill      XL: |  1  2  3  4  5  6  7  8  9 10 11 12 13 14 15 |
---------------+----------------------------------------------+-----
Short Blades   | 1 2 3 4 5 7 8 9 10 11 | 11.8
Stealth        | 1 2 3 4 5 7 8 9 10 11 | 11.8
Armour         | 1 2 3 4 5 6 7 |  7.6
Fighting       | 2 3 4 5 6 7 8 |  8.3
Dodging        | 2 3 4 5 6 7 |  7.6
Conjurations   | 1 2 3 5 6 7 |  7.0
Air Magic      | 2 3 4 5 6 |  6.8
Poison Magic   | 2 3 4 6 |  6.9
Invocations    | 2 3 4 5 6 7 |  7.2
Spellcasting   | 3 4 5 6 7 |  7.2
Ice Magic      | 2 |  2.9
Transmutations | 2 |  2.0
Bows           | |  2.6
Throwing       | |  1.0
Fire Magic     | |  3.0

Action                   |  1- 3 |  4- 6 |  7- 9 | 10-12 | 13-15 || total
-------------------------+-------+-------+-------+-------+-------++-------
Melee: Dagger            |       |   112 |   275 |  1124 |       ||  1511
       Bite              |       |    27 |    92 |   465 |   233 ||   817
       Punch             |       |     3 |     2 |    25 |    15 ||    45
       Unarmed           |       |       |     3 |       |       ||     3
       Rapier            |       |       |       |    41 |   661 ||   702
 Fire: Shortbow          |    73 |    83 |    97 |    14 |       ||   267
Throw: Dart              |       |    22 |       |       |       ||    22
 Cast: Mephitic Cloud    |       |       |       |     9 |       ||     9
       Foxfire           |       |       |       |     1 |       ||     1
       Wereblood         |       |       |       |       |     6 ||     6
Evoke: Wand              |       |       |       |     4 |     1 ||     5
  Use: Potion            |       |       |       |     1 |     2 ||     3
       Scroll            |       |       |       |     2 |    17 ||    19
 Stab: Sleeping          |       |     4 |    10 |    22 |    16 ||    52
       Paralysed         |       |       |       |    40 |    65 ||   105
       Confused          |       |       |       |     2 |       ||     2
       Distracted        |       |       |       |     1 |     4 ||     5
       Petrified         |       |       |       |       |     1 ||     1
Armor: Leather armour    |     6 |    43 |    45 |   188 |       ||   282
       Scale mail        |       |       |       |   155 |   353 ||   508
Dodge: Dodged            |     7 |   111 |   202 |   607 |   328 ||  1255
Block: Other             |       |       |       |     2 |   100 ||   102

Table legend: (Time is in decaauts)
 A = Elapsed time spent in this place.
 B = Non-inter-level travel time spent in this place.
 C = Inter-level travel time spent in this place.
 D = Time resting spent in this place.
 E = Time spent auto-exploring this place.
 F = Levels seen in this place.
 G = Mean time per level.
                   A        B        C        D        E       F      G
               +--------+--------+--------+--------+--------+-----+--------+
         Total |  21696 |  20282 |   1414 |   1816 |  13177 |  23 |  943.3 |
       Dungeon |  13784 |  12844 |    940 |    748 |   8499 |  13 | 1060.3 |
        Temple |     63 |     36 |     27 |      0 |     22 |   1 |   63.0 |
          Lair |   6277 |   5853 |    424 |    704 |   4087 |   6 | 1046.2 |
  Orcish Mines |    816 |    795 |     21 |    137 |    423 |   2 |  408.0 |
      Ice Cave |    755 |    755 |      0 |    225 |    146 |   1 |  755.0 |
               +--------+--------+--------+--------+--------+-----+--------+

Top non-repeatable levels by time:
    D:11: 1738 daAuts
  Lair:6: 1682 daAuts
     D:5: 1349 daAuts
     D:2: 1312 daAuts
     D:6: 1189 daAuts
     D:1: 1178 daAuts
  Lair:4: 1094 daAuts
  Lair:2: 1063 daAuts
     D:4: 1054 daAuts
    D:12: 1046 daAuts
  Lair:1: 997 daAuts
     D:8: 976 daAuts
  Lair:5: 954 daAuts
     D:7: 950 daAuts
     D:9: 937 daAuts
